 Dungeon Crawl Stone Soup version 0.31-a0-348-g810772c3d7 (webtiles) character file.

Game seed: 4053812827453838466

178 BritishOli the Trooper (level 5, 0/42 HPs)
             Began as a Demonspawn Fighter on July 23, 2023.
             Slain by an orc wizard
             ... wielding a +2 dagger of distortion
              (3 damage)
             ... on level 3 of the Dungeon.
             The game lasted 00:02:55 (3109 turns).

BritishOli the Trooper (Demonspawn Fighter)         Turns: 3109, Time: 00:02:57

Health: 0/42       AC:  9    Str: 18    XL:     5   Next: 32%
Magic:  5/5        EV:  9    Int: 10    God:
Gold:   109        SH:  4    Dex: 12    Spells: 4/4 levels left

rFire   . . .        a - +0 war axe
rCold   . . .        c - +0 buckler
rNeg    . . .        b - +0 scale mail
rPois   .            (no helmet)
rElec   .            (no cloak)
rCorr   .            (no gloves)
SInv    .            (no boots)
Will    .....        (no amulet) Stlth
                     (no ring)
HPRegen 0.27/turn    (no ring)
MPRegen 0.09/turn

%: no passive effects
@: no status effects
A: demonic guardian 2, sharp scales 2
a: no special abilities


You were on level 3 of the Dungeon.
You visited 1 branch of the dungeon, and saw 4 of its levels.

You collected 109 gold pieces.

Inventory:

Hand Weapons
 a - a +0 war axe (weapon)
Missiles
 k - 2 javelins
Armour
 b - a +0 scale mail (worn)
 c - a +0 buckler (worn)
Scrolls
 e - a scroll of brand weapon {unknown}
 g - 5 scrolls of poison {unknown}
 j - 6 scrolls of teleportation {unknown}
 n - a scroll of identify {unknown}
Potions
 d - a potion of might
 f - a potion of enlightenment {unknown}
 h - a potion of degeneration {unknown}
 i - a potion of attraction {unknown}
 l - 2 potions of heal wounds {unknown}
 m - 2 potions of curing {unknown}


   Skills:
 + Level 4.2 Fighting
 + Level 3.1 Axes
 + Level 3.7 Armour
 - Level 3.1 Shields


You had 4 spell levels left.
You didn't know any spells.
Your spell library contained the following spells:

 Spells                   Type           Power      Damage    Failure   Level
 Slow                     Hex            0%         N/A       83%         1
 Confusing Touch          Hex            0%         N/A       99%         3
 Vampiric Draining        Necr           0%         2d6       99%         3


Dungeon Overview and Level Annotations

Branches:
Dungeon (4/15)
 Temple: D:4-7

Altars:

Shops:
D:1 (   D:3 *

Annotations:
D:4 Sigmund


Innate Abilities, Weirdness & Mutations

A demonic guardian rushes to your aid.
You are mostly covered in razor-sharp scales. (AC +2, Slay +2)


Message History

There is a stone staircase leading up, spattered with blood here.
Unknown command.
Okay, then.
The orc hits you with a +0 hand axe.
The orc wizard gestures at you while chanting.
The magic dart hits you.
You climb upwards.
There is a stone staircase leading down, spattered with blood here.
You slash the orc wizard!
The orc wizard is severely wounded.
You hit the orc. The orc hits you but does no damage.
The orc wizard hits you but does no damage.
You blink.
The orc hits you but does no damage.
The orc wizard hits you but does no damage.
Space warps horribly around you!
You are too injured to fight recklessly!
Unknown command.
You are too injured to fight recklessly!
Unknown command.
You are too injured to fight recklessly!
Unknown command.
You are too injured to fight recklessly!
Unknown command.
You hit the orc wizard.
The orc wizard is almost dead.
You hit the orc. The orc hits you with a +0 hand axe.
* * * LOW HITPOINT WARNING * * *
A demonic guardian appears!
The orc wizard casts a spell at you. The puff of flame hits you!
* * * LOW HITPOINT WARNING * * *
You slash the orc!
You kill the orc!
You barely miss the orc wizard.
The orc wizard is almost dead.
The orc wizard closely misses you.
Your ice devil closely misses the orc wizard.
The orc wizard hits you but does no damage.
Space warps around you.
You die...

# #..##########.## #.# ######
#..# #.# #.# .....#######..# #.#
#.# ..........##..####### #.#
#.# ####.........)......# #.#
#.#
###.##.##..#####.####.#####.#
######.##.##.<# ##4)>).........#
..............###o#.####.#######
######.##.##..##@###4###.#
#.##.##.............#
#...................#
##########.#####.#### ##.###.##
##.#.## ##.## ###


You could see an orc wizard (ally target) and a friendly ice devil (summoned).

Vanquished Creatures
  4 adders
  3 gnolls
  A dart slug (D:2)
  An orc (D:3)
  12 ball pythons
  4 endoplasms
  9 giant cockroaches
  5 goblins
  11 hobgoblins
  6 jackals (D:1)
  4 quokkas
  5 bats
  3 frilled lizards
  3 kobolds
  4 rats
75 creatures vanquished.

Vanquished Creatures (collateral kills)
  A sleepcap (D:3)
1 creature vanquished.

Grand Total: 76 creatures vanquished

Notes
Turn   | Place    | Note
-------+----------+-------------------------------------------
     0 | D:1      | BritishOli the Demonspawn Fighter began the quest for the
                  | Orb.
     0 | D:1      | Reached XP level 1. HP: 18/18 MP: 1/1
    93 | D:1      | Gained mutation: A weak demonic guardian rushes to your
                  | aid. [demonic ancestry]
    93 | D:1      | Reached XP level 2. HP: 24/24 MP: 2/2
   129 | D:1      | Found Qublelan's Antique Weapon Shoppe.
   400 | D:1      | Gained mutation: You are partially covered in razor-sharp
                  | scales. (AC +1, Slay +1) [demonic ancestry]
   400 | D:1      | Reached XP level 3. HP: 25/29 MP: 3/3
  1149 | D:2      | Found a faded altar of an unknown god.
  1149 | D:2      | Noticed a floating eye
  1151 | D:2      | Noticed a great orb of eyes
  1152 | D:2      | Noticed a floating eye
  1152 | D:2      | Noticed a floating eye
  1462 | D:2      | Gained mutation: You are mostly covered in razor-sharp
                  | scales. (AC +2, Slay +2) [demonic ancestry]
  1462 | D:2      | Reached XP level 4. HP: 36/36 MP: 4/4
  1938 | D:3      | Found Nonnuete's Assorted Antiques.
  2579 | D:4      | Noticed Sigmund
  2748 | D:4      | Reached skill level 4 in Fighting
  2890 | D:3      | Gained mutation: A demonic guardian rushes to your aid.
                  | [demonic ancestry]
  2890 | D:3      | Reached XP level 5. HP: 37/42 MP: 5/5
  3105 | D:3      | HP: 2/42 [orc wizard/puff of flame (9)]
  3109 | D:3      | Slain by an orc wizard

Illustrated notes

Levels and vault maps discovered:
D:1:      dpeg_arrival_lava_temple_mockup, layout_loops_ring, serial_shops, shop
D:2:      layout_loops_corners, hellmonk_ecumenical_altar_watching_god
D:3:      layout_loops_ring, serial_shops, nicolae_diamond_shop
D:4:      layout_rooms, grunt_ministairs_12, uniq_blork_the_orc, uniq_sigmund,
          uniq_edmund, uniq_natasha

Skill      XL: |  1  2  3  4  5 |
---------------+----------------+-----
Axes           | 2 3 |  3.1
Armour         | 3 |  3.7
Shields        | 3 |  3.1
Fighting       | 4 |  4.2

Action                     |  1- 3 |  4- 6 || total
---------------------------+-------+-------++-------
  Melee: War axe           |   133 |    87 ||   220
 Armour: Scale mail        |    78 |    46 ||   124
  Dodge: Dodged            |    85 |    44 ||   129
  Block: Buckler           |    29 |    29 ||    58

Table legend: (Time is in decaauts)
 A = Elapsed time spent in this place.
 B = Non-inter-level travel time spent in this place.
 C = Inter-level travel time spent in this place.
 D = Time resting spent in this place.
 E = Time spent auto-exploring this place.
 F = Levels seen in this place.
 G = Mean time per level.
                   A        B        C        D        E       F      G
               +--------+--------+--------+--------+--------+-----+--------+
         Total |   3204 |   3051 |    153 |    442 |   2079 |   4 |  801.0 |
       Dungeon |   3204 |   3051 |    153 |    442 |   2079 |   4 |  801.0 |
               +--------+--------+--------+--------+--------+-----+--------+

Top non-repeatable levels by time:
     D:3: 1268 daAuts
     D:1: 966 daAuts
     D:2: 924 daAuts
     D:4: 45 daAuts
